[Event "Titled Tuesday Blitz March 07 Late 2023"]
[White "Szente Varga, Fruzsina"]
[Black "Janaszak, Dawid"]
[WhiteFideId "712264"]
[BlackFideId "1119206"]
[WhiteElo "1994"]
[BlackElo "2220"]
[Result "0-1"]
[Round "05"]
[TimeControl "180+2"]
[Date "2023.03.07"]
[WhiteClock "0:00:14"]
[BlackClock "0:00:18"]

1. e4 c5 2. Nf3 Nc6 3. Bb5 e5 4. O-O Nge7 5. Nc3 d6 6. Nd5 a6 7. Bxc6+ bxc6 8. Nxe7 Bxe7 9. c4 O-O 10. d3 f5 11. exf5 Bxf5 12. Be3 Bg4 13. h3 Bxf3 14. gxf3 Qd7 15. Kg2 Rf6 16. Rg1 Raf8 17. Kh2 Rxf3 18. Rg3 Rxg3 19. Kxg3 Rf6 20. Qh5 Rf5 21. Qg4 Qe6 22. Rg1 g6 23. Kh2 Qf7 24. Qg2 Rf3 25. Qg4 Qf5 26. Kg2 Qxg4+ 27. hxg4 Rf8 28. g5 Rf5 29. Kf1 d5 30. cxd5 cxd5 31. Ke2 d4 32. Bd2 Rf8 33. Rc1 Rb8 34. b3 Kf7 35. Kf3 Ke6 36. Ke4 Rf8 37. f3 Rf5 38. Rh1 Rf7 39. Rc1 Bd6 40. Rh1 Ra7 41. Rh4 a5 42. Rh3 a4 43. bxa4 Rxa4 44. Rxh7 Rxa2 45. Rh2 Be7 46. f4 exf4 47. Bxf4 Ra1 48. Rh6 Re1+ 49. Kf3 Kf5 50. Bd2 Rf1+ 51. Ke2 Rg1 52. Rh7 Bxg5 53. Bxg5 Rxg5 54. Rc7 Ke6 55. Rc6+ Kd5 56. Rc7 Rg3 57. Re7 Re3+ 58. Rxe3 dxe3 59. Kxe3 Ke5 60. Kf3 Kd4 61. Ke2 g5 62. Kd2 g4 63. Ke2 g3 64. Kf3 Kxd3 65. Kxg3 c4 0-1


[Site "https://www.chess.com"]

[Event "Titled Tuesday Blitz March 07 Late 2023"]
[White "Reprintsev, Alexander"]
[Black "Paspuel, Trosky"]
[WhiteFideId "14100541"]
[BlackFideId "3602150"]
[WhiteElo "2229"]
[BlackElo "2340"]
[Result "1-0"]
[Round "05"]
[TimeControl "180+2"]
[Date "2023.03.07"]
[WhiteClock "0:01:50"]
[BlackClock "0:01:12"]

1. e4 c6 2. Nc3 d5 3. Nf3 dxe4 4. Nxe4 Nf6 5. Qe2 Nxe4 6. Qxe4 Nd7 7. Bc4 Nf6 8. Ne5 e6 9. Qe2 b5 10. Bb3 Qc7 11. d4 Bd6 12. a4 O-O 13. O-O c5 14. axb5 cxd4 15. Bf4 Bb7 16. Rfd1 Nd7 17. Nxd7 Bxf4 18. Nxf8 Bxh2+ 19. Kh1 Qf4 20. Qh5 Kxf8 1-0


[Site "https://www.chess.com"]

[Event "Titled Tuesday Blitz March 07 Late 2023"]
[White "Krishnan, Varun"]
[Black "Zampronha, Wladimir Camilo"]
[WhiteFideId "5054508"]
[BlackFideId "2103087"]
[WhiteElo "2533"]
[BlackElo "2176"]
[Result "1/2-1/2"]
[Round "05"]
[TimeControl "180+2"]
[Date "2023.03.07"]
[WhiteClock "0:00:06"]
[BlackClock "0:00:19"]

1. e4 c5 2. Nf3 e6 3. d4 cxd4 4. Nxd4 Nc6 5. Nc3 Qc7 6. Be2 a6 7. O-O Nf6 8. Be3 Bb4 9. Na4 Be7 10. Nxc6 bxc6 11. Nb6 Rb8 12. Nxc8 Qxc8 13. e5 Nd5 14. Bc1 c5 15. c4 Nb4 16. b3 O-O 17. f4 f5 18. Bb2 Nc6 19. Kh1 a5 20. Qd2 a4 21. Rf3 axb3 22. axb3 Qc7 23. Rd1 Rb7 24. Rd3 Rd8 25. Bf3 Nb4 26. Rd6 Ra7 27. Bc3 Bxd6 28. exd6 Qa5 29. Qe2 Rf8 30. Qe5 Rf6 31. Qe1 Rf8 32. Qg3 g6 33. Bh5 Rf7 34. Bxg6 hxg6 35. Qh4 Rh7 36. Qf6 Rf7 37. Qxg6+ Kf8 38. Bf6 Qa2 39. Be7+ Rxe7 40. dxe7+ Kxe7 41. Qg7+ Ke8 42. Qg8+ Ke7 43. Qg7+ Ke8 44. Qh8+ Ke7 45. Qh7+ Ke8 46. Qg8+ Ke7 47. h4 Qe2 48. Qg7+ Ke8 49. Qg8+ Ke7 50. Qg7+ Ke8 51. Qg8+ Ke7 1/2-1/2


[Site "https://www.chess.com"]

[Event "Titled Tuesday Blitz March 07 Late 2023"]
[White "Barash, Anton"]
[Black "Mendez Fortes, Eduardo Jesus"]
[WhiteFideId "30935229"]
[BlackFideId "3502376"]
[WhiteElo "2324"]
[BlackElo "2307"]
[Result "0-1"]
[Round "05"]
[TimeControl "180+2"]
[Date "2023.03.07"]
[WhiteClock "0:00:06"]
[BlackClock "0:01:10"]

1. e4 c5 2. Nf3 d6 3. d4 cxd4 4. Nxd4 Nf6 5. Nc3 a6 6. Bg5 Nbd7 7. f4 Qc7 8. Qe2 h6 9. Bh4 e5 10. fxe5 dxe5 11. Nf5 Nc5 12. Bxf6 gxf6 13. Ne3 Be6 14. Ned5 Bxd5 15. Nxd5 Qa5+ 16. b4 Qa4 17. bxc5 Bxc5 18. Qc4 Qc6 19. Nxf6+ Kf8 20. Qxc5+ Qxc5 21. Nd7+ Ke7 22. Nxc5 Rac8 23. Nxb7 Rxc2 24. Bxa6 Rxg2 25. O-O-O Rc8+ 26. Kb1 Rcc2 27. Bd3 Rb2+ 28. Kc1 Rxb7 29. Rd2 Rg6 30. a4 Rc6+ 31. Kd1 Rb4 32. Ra2 Rd6 33. Ke2 Rbd4 34. Rd1 Rg6 35. Ke3 f5 36. exf5 Rgg4 37. a5 Rh4 38. a6 Rh3+ 39. Kd2 Rxh2+ 40. Kc3 Rxa2 41. Rh1 Ra3+ 0-1


[Site "https://www.chess.com"]

[Event "Titled Tuesday Blitz March 07 Late 2023"]
[White "Prieto Aranguren, Alain"]
[Black "Kokoszczynski, Jan"]
[WhiteFideId "2268906"]
[BlackFideId "1174460"]
[WhiteElo "2209"]
[BlackElo "2139"]
[Result "0-1"]
[Round "05"]
[TimeControl "180+2"]
[Date "2023.03.07"]
[WhiteClock "0:00:43"]
[BlackClock "0:00:18"]

1. d4 d5 2. c4 c6 3. cxd5 cxd5 4. Nc3 Nc6 5. Nf3 Nf6 6. Bf4 a6 7. e3 Bg4 8. Bd3 e6 9. O-O Bd6 10. Bg3 O-O 11. Rc1 Rc8 12. Bb1 Bxg3 13. hxg3 b5 14. Qd3 Bf5 15. Qe2 Bxb1 16. Rxb1 Qb6 17. Rfc1 Rc7 18. e4 Nxd4 19. Nxd4 Qxd4 20. Rd1 Qc5 21. Rbc1 Qc4 22. Qxc4 dxc4 23. e5 Nd7 24. f4 Nc5 25. Rd6 g6 26. Rcd1 Kg7 27. Kf2 b4 28. Ne2 Ne4+ 29. Kf3 Nxd6 30. Rxd6 a5 31. Ra6 Rc5 32. Ke4 Rd8 33. g4 c3 34. bxc3 bxc3 35. f5 gxf5+ 36. gxf5 exf5+ 37. Kxf5 c2 38. Ng3 c1=Q 39. Nh5+ Kh8 40. g4 Qf1+ 0-1


[Site "https://www.chess.com"]

[Event "Titled Tuesday Blitz March 07 Late 2023"]
[White "Dragomirescu, Angela"]
[Black "Crispin Ferreras, Darvi Abraham"]
[WhiteFideId "1209914"]
[BlackFideId "6402771"]
[WhiteElo "2171"]
[BlackElo "2106"]
[Result "0-1"]
[Round "05"]
[TimeControl "180+2"]
[Date "2023.03.07"]
[WhiteClock "0:00:42"]
[BlackClock "0:01:30"]

1. e4 c5 2. Nf3 e6 3. d4 cxd4 4. Nxd4 a6 5. Bd3 Bc5 6. Nb3 Ba7 7. Qe2 d6 8. O-O Nf6 9. c4 Nbd7 10. Kh1 O-O 11. f4 e5 12. Nc3 exf4 13. Bxf4 Ne5 14. Bg5 Bg4 15. Qd2 Ned7 16. Nd5 Be6 17. Bh4 Bxd5 18. exd5 Re8 19. Rf5 Re5 20. Raf1 Rxf5 21. Rxf5 Qe8 22. Qf4 Ne5 23. Bxf6 Nxd3 24. Qg3 Nf2+ 0-1


[Site "https://www.chess.com"]

[Event "Titled Tuesday Blitz March 07 Late 2023"]
[White "Petrovic, Aleksa"]
[Black "De Souza, Cristiano Gomes"]
[WhiteFideId "967629"]
[BlackFideId "2151758"]
[WhiteElo "2326"]
[BlackElo "2068"]
[Result "1-0"]
[Round "05"]
[TimeControl "180+2"]
[Date "2023.03.07"]
[WhiteClock "0:02:00"]
[BlackClock "0:02:07"]

1. d4 Nf6 2. c4 g6 3. Nc3 d6 4. e4 Bg7 5. Nf3 O-O 6. Be2 e5 7. O-O Nc6 8. d5 Ne7 9. b4 Nh5 10. Re1 Nf4 11. Bf1 f5 12. Bxf4 exf4 13. e5 dxe5 14. Nxe5 g5 15. c5 Ng6 16. Nxg6 hxg6 17. d6 Bxc3 18. Qb3+ Kh7 19. Qxc3 cxd6 20. Rad1 Rf6 21. Rxd6 Rxd6 22. cxd6 Qxd6 23. Re8 1-0


[Site "https://www.chess.com"]

[Event "Titled Tuesday Blitz March 07 Late 2023"]
[White "Pert, Richard G"]
[Black "Kukavica, Tony"]
[WhiteFideId "404748"]
[BlackFideId "2062542"]
[WhiteElo "2441"]
[BlackElo "1993"]
[Result "1-0"]
[Round "05"]
[TimeControl "180+2"]
[Date "2023.03.07"]
[WhiteClock "0:00:09"]
[BlackClock "0:00:02"]

1. Nf3 d5 2. c4 e6 3. d4 Nf6 4. g3 Bb4+ 5. Bd2 a5 6. Bg2 O-O 7. O-O c6 8. Qc2 Nbd7 9. a3 Be7 10. c5 Ne4 11. Bf4 f6 12. Nbd2 e5 13. dxe5 fxe5 14. Nxe5 Nexc5 15. e4 Nxe5 16. Bxe5 dxe4 17. Nxe4 Bf5 18. Rad1 Qe8 19. Rfe1 Rd8 20. Qc4+ Be6 21. Qc3 Nxe4 22. Bxe4 Bf6 23. Bxf6 Rxf6 24. Qxa5 Ra8 25. Qe5 Qf8 26. f4 Re8 27. Qc3 h5 28. Rd3 h4 29. Rde3 hxg3 30. hxg3 Bf7 31. Bc2 Rxe3 32. Rxe3 Qd6 33. Qd3 Rh6 34. Qxd6 Rxd6 35. Kf2 Rd2+ 36. Re2 Rd7 37. Bf5 Rd5 38. Be6 Bxe6 39. Rxe6 Rd2+ 40. Re2 Rd7 41. Ke3 Kf7 42. g4 Rd6 43. Rd2 Re6+ 44. Kf3 Kf6 45. Rc2 Re7 46. g5+ Kf7 47. Kg4 Rd7 48. f5 Rd4+ 49. Kf3 Rd5 50. Ke4 Rb5 51. Re2 Ke7 52. Kf4+ Kf7 53. g6+ Kf8 54. Kg5 Rd5 55. Rh2 Rd2 56. Rxd2 1-0


[Site "https://www.chess.com"]

[Event "Titled Tuesday Blitz March 07 Late 2023"]
[White "Sokolin, Leonid"]
[Black "Torres Dominguez, David"]
[WhiteFideId "2009161"]
[BlackFideId "2220857"]
[WhiteElo "2394"]
[BlackElo "1999"]
[Result "1-0"]
[Round "05"]
[TimeControl "180+2"]
[Date "2023.03.07"]
[WhiteClock "0:00:51"]
[BlackClock "0:00:19"]

1. e4 e5 2. Nf3 Nc6 3. Nc3 Nf6 4. Bb5 Nd4 5. O-O Nxb5 6. Nxb5 c6 7. Nc3 d6 8. d4 Qc7 9. Bg5 Be7 10. h3 h6 11. Bh4 g5 12. dxe5 gxh4 13. exf6 Bxf6 14. Re1 Be6 15. Nd4 O-O-O 16. Qd3 Rhg8 17. Rad1 Bxd4 18. Qxd4 Bxh3 19. Qxa7 Rxg2+ 20. Kh1 Qb8 21. Qe3 Rdg8 22. Qxh3+ Kc7 23. Rg1 Rxg1+ 24. Rxg1 Rxg1+ 25. Kxg1 Qd8 26. Qf5 Qe7 27. f4 f6 28. Kf2 d5 29. exd5 Qc5+ 30. Kf3 Qc4 31. Qd3 Qc5 32. dxc6 bxc6 33. Qg6 Qg1 34. Qxg1 1-0


[Site "https://www.chess.com"]

[Event "Titled Tuesday Blitz March 07 Late 2023"]
[White "Kochetov, Andrey"]
[Black "Rodriguez Santiago, Jaime"]
[WhiteFideId "24130532"]
[BlackFideId "3100898"]
[WhiteElo "2514"]
[BlackElo "2025"]
[Result "1-0"]
[Round "05"]
[TimeControl "180+2"]
[Date "2023.03.07"]
[WhiteClock "0:00:08"]
[BlackClock "0:00:23"]

1. g4 d5 2. Bg2 e5 3. g5 c5 4. c4 Be6 5. Qb3 Nd7 6. cxd5 Bf5 7. e4 Bg6 8. d3 b6 9. Ne2 Bd6 10. Na3 h6 11. gxh6 Nxh6 12. Nc4 Bb8 13. Bd2 Qh4 14. Ng3 Ng4 15. h3 Ngf6 16. a4 Bc7 17. a5 Rb8 18. axb6 axb6 19. Ra7 Bd8 20. Nd6+ Kf8 21. Ndf5 Bxf5 22. Nxf5 Qh5 23. Ng3 Qg6 24. Qb5 Kg8 25. Rxd7 Nxd7 26. Qxd7 Bh4 27. O-O Bxg3 28. fxg3 Rf8 29. Rf3 Rh6 30. h4 Qd6 31. Qf5 Rf6 32. Qg4 Rxf3 33. Qxf3 f6 34. Bh3 Ra8 35. Be6+ Kf8 36. Qh5 Ke7 37. Qf7+ Kd8 38. Qg8+ Kc7 39. Qxa8 c4 40. Qc8# 1-0


[Site "https://www.chess.com"]

[Event "Titled Tuesday Blitz March 07 Late 2023"]
[White "Kaplan, Avi Harrison"]
[Black "Dylag, Emilia"]
[WhiteFideId "30934559"]
[BlackFideId "21805172"]
[WhiteElo "1983"]
[BlackElo "1878"]
[Result "0-1"]
[Round "05"]
[TimeControl "180+2"]
[Date "2023.03.07"]
[WhiteClock "0:00:02"]
[BlackClock "0:00:07"]

1. a3 e6 2. Nf3 Nf6 3. b4 d5 4. c4 dxc4 5. e3 Be7 6. Bxc4 O-O 7. O-O c5 8. bxc5 Bxc5 9. Bb2 Nc6 10. Qc2 Be7 11. Rd1 Bd7 12. d3 Rc8 13. Nbd2 b5 14. Ba2 Nb4 15. Qb3 Nxa2 16. Qxa2 Bc6 17. Nf1 Bb7 18. Ng3 Bd5 19. Qb1 Bxf3 20. gxf3 Qd5 21. Kg2 h5 22. Ne4 Nxe4 23. dxe4 Qg5+ 24. Kh1 Qh4 25. Rg1 g6 26. Qd3 Rfd8 27. Qxb5 Qxf2 28. Qe5 Qxf3+ 29. Rg2 Rd1+ 30. Rxd1 Qxd1+ 31. Rg1 Qf3+ 32. Rg2 Bf6 33. Qg3 Qxg3 34. hxg3 Bxb2 35. Rxb2 Rc3 36. Rb8+ Kg7 37. Kg2 Rxe3 38. Rb7 Rxa3 39. Kh3 Ra4 40. Rc7 a5 41. Ra7 Rxe4 42. Rxa5 Rg4 43. Ra3 Rd4 44. Ra7 e5 45. Ra8 e4 46. Re8 f5 47. Kh4 Kf6 48. Ra8 e3+ 49. Kh3 e2 50. Ra6+ Ke5 51. Ra8 Kd5 52. Ra5+ Kc4 53. Ra1 Rd1 54. Ra4+ Kb3 55. Ra8 e1=Q 56. Rb8+ Kc4 57. Rc8+ Kb5 58. Kh4 Qg1 59. Kg5 Kb6 60. Kh6 Qxg3 61. Rc2 Qf4+ 62. Kg7 Rd7+ 63. Kf6 Qd6+ 64. Kg5 f4 65. Rb2+ Kc6 66. Kh6 Kd5 67. Rd2+ Ke6 68. Re2+ Kf5 69. Re7 g5+ 70. Re6 Qxe6+ 71. Kxh5 Rh7# 0-1


[Site "https://www.chess.com"]

[Event "Titled Tuesday Blitz March 07 Late 2023"]
[White "Ricaurte Lopez, Juan Carlos"]
[Black "Gireman, Ja"]
[WhiteFideId "3600327"]
[BlackFideId "5043794"]
[WhiteElo "2209"]
[BlackElo "2153"]
[Result "1-0"]
[Round "05"]
[TimeControl "180+2"]
[Date "2023.03.07"]
[WhiteClock "0:00:53"]
[BlackClock "0:00:33"]

1. e4 e6 2. d4 d5 3. exd5 exd5 4. Nf3 Bd6 5. c4 Nf6 6. Bd3 dxc4 7. Bxc4 O-O 8. O-O Bg4 9. Bg5 Nc6 10. Nc3 h6 11. Bh4 g5 12. Bg3 Bxf3 13. Qxf3 Nxd4 14. Qxb7 Bxg3 15. hxg3 Rb8 16. Qxa7 Rb4 17. b3 Qd6 18. Rad1 c5 19. Rfe1 Ng4 20. Ne4 Qc6 21. Qxc5 Qxc5 22. Nxc5 Nc6 23. Rd5 Kg7 24. f3 Nf6 25. Rd6 Rc8 26. Nd7 Ng8 27. Ne5 Na5 28. Rd7 Nxc4 29. Rxf7+ Kh8 30. Ng6# 1-0


[Site "https://www.chess.com"]

[Event "Titled Tuesday Blitz March 07 Late 2023"]
[White "Vargas Pereda, Jesus Manue"]
[Black "Wartiovaara, Oliver"]
[WhiteFideId "5115710"]
[BlackFideId "513024"]
[WhiteElo "1914"]
[BlackElo "2214"]
[Result "0-1"]
[Round "05"]
[TimeControl "180+2"]
[Date "2023.03.07"]
[WhiteClock "0:00:08"]
[BlackClock "0:00:07"]

1. Nf3 e5 2. Nxe5 Nc6 3. Nf3 d5 4. e3 Bd6 5. c4 Nf6 6. cxd5 Nxd5 7. Nc3 Nf6 8. d4 Qe7 9. Be2 Bf5 10. O-O Ng4 11. Nb5 O-O-O 12. Nxd6+ Rxd6 13. h3 h5 14. Bd2 g5 15. b4 Nh6 16. b5 Nd8 17. Ne5 g4 18. Qa4 Kb8 19. Bb4 gxh3 20. g3 h4 21. Bxd6 cxd6 22. Qb4 hxg3 23. fxg3 h2+ 24. Kf2 Qf6 25. Nc6+ Ka8 26. Ke1 Qg5 27. Nxd8 Qxg3+ 28. Kd2 Rxd8 29. Bf3 Bg4 30. Qa5 Rc8 31. Rac1 Rb8 32. Bxg4 Nxg4 33. Qc7 Qxe3+ 34. Kc2 Nf2 35. Qxd6 Qd3+ 36. Kb2 Qd2+ 37. Rc2 Nd3+ 38. Kb1 Qb4+ 39. Ka1 Qxd6 40. Rxf7 Qxd4+ 41. Kb1 h1=Q+ 42. Rc1 Qb2# 0-1


[Site "https://www.chess.com"]

[Event "Titled Tuesday Blitz March 07 Late 2023"]
[White "Bouget, Alexandre"]
[Black "Gascon Del Nogal, Jose Rafael"]
[WhiteFideId "681318"]
[BlackFideId "3902463"]
[WhiteElo "2177"]
[BlackElo "2473"]
[Result "0-1"]
[Round "05"]
[TimeControl "180+2"]
[Date "2023.03.07"]
[WhiteClock "0:00:33"]
[BlackClock "0:01:01"]

1. d4 d5 2. c4 e6 3. Nc3 h6 4. cxd5 exd5 5. Qb3 Nf6 6. Nf3 Bd6 7. e3 O-O 8. Bd3 c6 9. O-O Re8 10. Qc2 Qe7 11. a3 Ne4 12. Bxe4 dxe4 13. Nd2 Bf5 14. Nc4 Bc7 15. b4 Qh4 16. g3 Qh3 17. f4 exf3 18. Qf2 Bd3 19. Nd2 Bxf1 20. Nxf1 Nd7 21. Qxf3 Nf6 22. e4 Rad8 23. e5 Ng4 24. Ne2 Bb6 25. Nf4 Bxd4+ 26. Kh1 Nxe5 27. Nxh3 Nxf3 0-1


[Site "https://www.chess.com"]

[Event "Titled Tuesday Blitz March 07 Late 2023"]
[White "Dodaro, Mattia"]
[Black "Haydon, David L"]
[WhiteFideId "28583400"]
[BlackFideId "415405"]
[WhiteElo "2393"]
[BlackElo "2326"]
[Result "1-0"]
[Round "05"]
[TimeControl "180+2"]
[Date "2023.03.07"]
[WhiteClock "0:00:20"]
[BlackClock "0:00:23"]

1. a3 b6 2. e3 Bb7 3. d4 Nf6 4. c4 e6 5. Nc3 d5 6. Nf3 dxc4 7. Bxc4 Nbd7 8. b4 a6 9. O-O Bd6 10. Bb2 O-O 11. Qc2 Qe7 12. Rfd1 e5 13. d5 e4 14. Nd4 g6 15. Bb3 Qe5 16. g3 Rfe8 17. Nce2 Qh5 18. Nc6 Ng4 19. h4 Bxc6 20. dxc6 Nde5 21. Nf4 Nf3+ 22. Kg2 Bxf4 23. exf4 Kf8 24. Qc3 f6 25. Rd7 Re7 26. Rxe7 Kxe7 27. Rd1 Rd8 28. Rxd8 Kxd8 29. Be6 Ke8 30. Qc4 Nd2 31. Qd4 Ne5 32. Qxd2 Qf3+ 33. Kg1 Nd3 34. Bd4 Ke7 35. Bc4 h6 36. Bxd3 exd3 37. Qe3+ Qxe3 38. Bxe3 Ke6 39. Kf1 f5 40. Ke1 Kd5 41. Kd2 Kxc6 42. Kxd3 Kd5 43. Bd4 h5 44. Bf6 c5 45. bxc5 Kxc5 46. f3 Kd5 47. Bd4 b5 48. Bc3 Kc5 49. Bb4+ Kb6 50. Kd4 a5 51. Bd2 Kc6 52. Ke5 b4 53. axb4 a4 54. Bc3 Kb5 55. Kf6 Kc4 56. Be5 Kxb4 57. Kxg6 a3 58. Kxf5 a2 59. Kg5 a1=Q 60. Bxa1 Kc4 61. Be5 Kd5 62. Kxh5 1-0


[Site "https://www.chess.com"]

[Event "Titled Tuesday Blitz March 07 Late 2023"]
[White "Poliakova, Varvara"]
[Black "Guzman Moneo, Alberto"]
[WhiteFideId "13518313"]
[BlackFideId "2209616"]
[WhiteElo "2075"]
[BlackElo "2157"]
[Result "1/2-1/2"]
[Round "05"]
[TimeControl "180+2"]
[Date "2023.03.07"]
[WhiteClock "0:00:13"]
[BlackClock "0:00:06"]

1. e4 c5 2. Nf3 Nc6 3. d4 cxd4 4. Nxd4 g6 5. Nc3 Bg7 6. Nb3 a5 7. a4 Nf6 8. Bd3 O-O 9. O-O d5 10. Bf4 e5 11. Bg5 d4 12. Nd5 Be6 13. Qf3 Bxd5 14. exd5 Qxd5 15. Qxd5 Nxd5 16. Be4 Nf6 17. Bxc6 bxc6 18. Nc5 Rfd8 19. Rfe1 Rd5 20. Nb3 Rb8 21. f4 h6 22. fxe5 hxg5 23. exf6 Bxf6 24. Rad1 Rb4 25. Re8+ Kg7 26. Rc8 d3 27. Rxc6 Bxb2 28. c4 Rd8 29. Nxa5 Rxa4 30. Nb7 Rb8 31. Nc5 Bd4+ 32. Kf1 Bxc5 33. Rxc5 Rd8 34. Rd2 Rd4 35. Kf2 f5 36. Ke3 Raxc4 37. Rxc4 Rxc4 38. Rxd3 Re4+ 39. Kf2 g4 40. g3 Ra4 41. Rd2 Kh6 42. Rb2 Kg5 43. Kg2 Ra3 44. Kf2 Rf3+ 45. Kg2 Kh5 46. Rc2 Ra3 47. Rb2 g5 48. Rf2 Kg6 49. Rb2 f4 50. Rb6+ Kh5 51. Rb2 Kg6 52. Rb6+ Kh5 53. Rb2 Rf3 54. Rc2 Rd3 55. Rb2 Re3 56. Ra2 Kg6 57. Ra6+ Kf5 58. Ra5+ Re5 59. Ra2 Rb5 60. Re2 Rb3 61. Ra2 Ke4 62. Ra4+ Kf5 63. Ra2 Kg6 64. Ra6+ Kh5 65. Ra2 Rb1 66. gxf4 gxf4 67. h3 Kh4 68. hxg4 Kxg4 69. Kf2 Rh1 70. Ra8 Rh2+ 71. Kf1 Rb2 72. Ra3 Rc2 73. Rb3 Rh2 74. Ra3 Rh3 75. Ra8 Rg3 76. Kf2 Rf3+ 77. Kg2 Rg3+ 78. Kf2 Rh3 79. Kg2 Rh5 80. Ra4 Rg5 81. Kf2 Rh5 82. Ra8 Rh2+ 83. Kg1 Rh3 84. Kg2 Rg3+ 85. Kf2 1/2-1/2


[Site "https://www.chess.com"]

[Event "Titled Tuesday Blitz March 07 Late 2023"]
[White "Figorito, Nick"]
[Black "Moral Garcia, Serafin"]
[WhiteFideId "30923689"]
[BlackFideId "2201925"]
[WhiteElo "2383"]
[BlackElo "2254"]
[Result "0-1"]
[Round "05"]
[TimeControl "180+2"]
[Date "2023.03.07"]
[WhiteClock "0:00:51"]
[BlackClock "0:01:34"]

1. Nf3 Nf6 2. g3 g6 3. Bg2 Bg7 4. O-O O-O 5. c4 c5 6. d4 cxd4 7. Nxd4 Nc6 8. Nc2 d6 9. Nc3 Be6 10. b3 Qd7 11. Bb2 Bh3 12. Ne3 Bxg2 13. Kxg2 Ng4 14. Nxg4 Qxg4 15. e3 Qf5 16. Nd5 Bxb2 17. Rb1 Bg7 18. b4 e6 19. Nf4 Rfd8 20. b5 Ne5 21. Qe2 Rac8 22. Rfc1 Rxc4 23. Rxc4 Nxc4 24. Rc1 d5 25. a4 h5 26. h4 Qe4+ 27. Kh2 Be5 28. Nh3 Na5 29. f4 Bd6 30. Ng5 Qxa4 31. g4 hxg4 32. Qxg4 Qa2+ 33. Kh1 Nc4 34. Nxe6 Nxe3 35. Qg5 Re8 36. Re1 Rxe6 0-1


[Site "https://www.chess.com"]

[Event "Titled Tuesday Blitz March 07 Late 2023"]
[White "Rostomyan, Mikayel"]
[Black "Fernandez Garcia, Gumersindo"]
[WhiteFideId "13313754"]
[BlackFideId "24516740"]
[WhiteElo "2009"]
[BlackElo "2093"]
[Result "1-0"]
[Round "05"]
[TimeControl "180+2"]
[Date "2023.03.07"]
[WhiteClock "0:00:03"]
[BlackClock "0:00:03"]

1. e4 c5 2. Nf3 g6 3. d4 cxd4 4. Nxd4 Bg7 5. c4 Nc6 6. Be3 Nf6 7. Nc3 Ng4 8. Qxg4 Nxd4 9. Bd3 d5 10. Qd1 dxe4 11. Bxe4 O-O 12. O-O e5 13. Qd2 f5 14. Bd5+ Kh8 15. f4 Be6 16. fxe5 Bxd5 17. cxd5 b5 18. Qxd4 a6 19. Rfe1 Rc8 20. Rad1 Rc4 21. Qa7 f4 22. Bc5 Re8 23. e6 f3 24. Bd4 Rxd4 25. Rxd4 f2+ 26. Kxf2 Qf6+ 27. Ke3 Qg5+ 28. Kd3 Bh6 29. Re2 Qc1 30. Qf7 Rf8 31. e7 Rxf7 32. e8=Q+ Rf8 33. Qe5+ Bg7 34. Qe3 Qf1 35. Re4 b4 36. Re8 bxc3 37. Rxf8+ Bxf8 38. Qe5+ Bg7 39. Qb8+ Bf8 40. Qe5+ Bg7 41. Qe8+ Bf8 42. bxc3 Qd1+ 43. Kc4 Kg7 44. Re4 Qf1+ 45. Kb3 Qb1+ 46. Kc4 Qf1+ 47. Kd4 Qf2+ 48. Re3 Qd2+ 49. Rd3 Qf4+ 50. Qe4 Bc5+ 51. Kxc5 Qxe4 52. Rd4 Qc2 53. c4 Qa4 54. d6 Qd7 55. Kd5 Kf6 56. Rf4+ Kg5 57. Re4 Qf5+ 58. Re5 Kf6 59. Rxf5+ gxf5 60. Kc6 1-0


[Site "https://www.chess.com"]

[Event "Titled Tuesday Blitz March 07 Late 2023"]
[White "Ward, Ieuan C"]
[Black "Molenda, Marcin"]
[WhiteFideId "406627"]
[BlackFideId "1173065"]
[WhiteElo "2339"]
[BlackElo "2286"]
[Result "0-1"]
[Round "05"]
[TimeControl "180+2"]
[Date "2023.03.07"]
[WhiteClock "0:01:56"]
[BlackClock "0:02:16"]

1. d4 Nf6 2. c4 g6 3. Nc3 Bg7 4. Nf3 O-O 5. g3 d6 6. Bg2 c6 7. O-O Qa5 8. Bd2 Qa6 9. b3 Nbd7 10. Qc2 e5 11. dxe5 dxe5 12. Bc1 Re8 13. Bb2 Nc5 14. Nd2 Bf5 15. e4 Bc8 16. Rfe1 Ne6 17. Ne2 Nd7 18. Bh3 Nd4 19. Qd3 Nc5 0-1


[Site "https://www.chess.com"]

[Event "Titled Tuesday Blitz March 07 Late 2023"]
[White "Romero Ruscalleda, Josep"]
[Black "Graif, William"]
[WhiteFideId "2231859"]
[BlackFideId "2609835"]
[WhiteElo "2183"]
[BlackElo "2205"]
[Result "1-0"]
[Round "05"]
[TimeControl "180+2"]
[Date "2023.03.07"]
[WhiteClock "0:00:21"]
[BlackClock "0:00:01"]

1. e4 e5 2. Nf3 Bc5 3. Bc4 Nf6 4. O-O Nxe4 5. d3 Nxf2 6. Rxf2 Bxf2+ 7. Kxf2 d5 8. Bb3 O-O 9. Nc3 c6 10. Bg5 f6 11. Bh4 Bg4 12. Kg1 Nd7 13. h3 Bh5 14. Qf1 Kh8 15. Re1 Qb6+ 16. Qf2 Rae8 17. Qxb6 axb6 18. Bf2 b5 19. g4 Bg6 20. Nh4 f5 21. Nxg6+ hxg6 22. Ne2 f4 23. c3 e4 24. dxe4 dxe4 25. Nd4 e3 26. Bh4 f3 27. Kf1 Nc5 28. Bc2 Kh7 29. Bg5 e2+ 30. Kf2 b4 31. Nxf3 bxc3 32. bxc3 Ra8 33. Rxe2 Ra3 34. Be7 Rxf3+ 35. Kxf3 Rxc3+ 36. Kg2 Nd7 37. Bb3 c5 38. Rc2 Re3 39. Bxc5 Re5 40. Bf2 b5 41. Rc7 Nf6 42. Bc2 Re2 43. Bd3 Rxa2 44. Kf3 b4 45. Bd4 Ne8 46. Re7 Ra3 47. Ke2 Ra2+ 48. Ke3 Ra8 49. Bb5 Nd6 50. Rxg7+ Kh6 51. Bc6 Re8+ 52. Kd3 Rc8 53. Bd5 Rb8 54. Rd7 Nb5 55. Be3+ g5 56. Be4 Nc3 57. Rh7# 1-0


[Site "https://www.chess.com"]

[Event "Titled Tuesday Blitz March 07 Late 2023"]
[White "Avalos Parra, Joao"]
[Black "Liu, Eric"]
[WhiteFideId "3402541"]
[BlackFideId "30960240"]
[WhiteElo "2173"]
[BlackElo "2094"]
[Result "0-1"]
[Round "05"]
[TimeControl "180+2"]
[Date "2023.03.07"]
[WhiteClock "0:00:07"]
[BlackClock "0:01:25"]

1. d4 c5 2. d5 d6 3. Nc3 Nf6 4. e4 g6 5. Nf3 Bg7 6. h3 O-O 7. a4 a6 8. Be2 Nfd7 9. O-O b6 10. Bf4 Bb7 11. Nd2 Ne5 12. Bh2 f5 13. Re1 f4 14. Nf3 Nbd7 15. Qd2 Nxf3+ 16. Bxf3 g5 17. Bg4 Ne5 18. Be6+ Kh8 19. Ra3 Nc4 20. Qd3 Nxa3 21. bxa3 Bc8 22. h4 g4 23. Ne2 Bxe6 24. dxe6 f3 25. Ng3 Be5 26. Nf5 Bxh2+ 27. Kxh2 Qe8 28. gxf3 gxf3 29. Qxf3 Qg6 30. Rg1 Qxe6 31. Kh1 Rg8 32. Rg5 Rxg5 33. hxg5 Rg8 34. Qf4 Qe5 35. Qh4 e6 36. Nh6 Rf8 37. g6 Qf6 38. Qxf6+ Rxf6 39. Nf7+ Kg7 40. Nxd6 Rxg6 41. Nc4 b5 42. axb5 axb5 43. Nd6 Rg4 44. f3 Rg3 45. Nxb5 Rxf3 46. a4 Rf1+ 47. Kg2 Ra1 48. Nc3 Ra3 49. Nb5 Rxa4 50. Nc7 Kf7 51. Kf3 Rc4 52. Nb5 Rxc2 53. e5 Ke7 54. Ke4 Rc4+ 55. Ke3 Rb4 56. Nd6 Rb3+ 57. Ke4 h5 58. Nc8+ Kd7 59. Nd6 Rb4+ 60. Ke3 Rd4 61. Nf7 Rd5 62. Ng5 Rxe5+ 63. Kf4 Rf5+ 0-1


[Site "https://www.chess.com"]

[Event "Titled Tuesday Blitz March 07 Late 2023"]
[White "Vargas Rodriguez, Wilver"]
[Black "Kalajzic, Ivan"]
[WhiteFideId "3509672"]
[BlackFideId "14506378"]
[WhiteElo "2238"]
[BlackElo "2203"]
[Result "0-1"]
[Round "05"]
[TimeControl "180+2"]
[Date "2023.03.07"]
[WhiteClock "0:00:01"]
[BlackClock "0:00:21"]

1. e4 Nc6 2. Nf3 d6 3. d4 Nf6 4. Bd3 Bg4 5. c3 e5 6. d5 Ne7 7. h3 Bd7 8. Qb3 Qc8 9. Bg5 Ng6 10. Nbd2 Be7 11. O-O-O a5 12. Bb5 a4 13. Bxd7+ Nxd7 14. Qc2 a3 15. b3 b5 16. h4 h6 17. Bxe7 Nxe7 18. c4 bxc4 19. Nxc4 O-O 20. g4 Ng6 21. g5 h5 22. Ne1 Nf4 23. Nd3 Nxd3+ 24. Qxd3 Nc5 25. Qf3 g6 26. Rhe1 Qd8 27. Qe3 f5 28. gxf6 Qxf6 29. Rg1 Kh7 30. Rg2 Qf4 31. Rdg1 Qxe3+ 32. fxe3 Rf6 33. Nd2 Raf8 34. Kc2 R8f7 35. Kc3 Nd7 36. Kb4 Nf8 37. Kxa3 Rf2 38. Kb4 Rxg2 39. Rxg2 Re7 40. a4 Re8 41. a5 Rb8+ 42. Ka4 Nd7 43. b4 Kh6 44. Nf3 Rb7 45. Ng5 Nb8 46. Rf2 Kg7 47. Rf7+ Kg8 0-1


[Site "https://www.chess.com"]